Map: Proxima Station LE

Players

Dana - Winner!

  • Race: Zerg Zerg
  • Spawn Location: 7:00

DnS

  • Race: Protoss Protoss
  • Spawn Location: 1:00

Event: IEM XI Katowice - World Championship 2017

VOD

Have the link to the VOD?

Description

Time

  • Played on: Feb. 27, 2017, 4:21 a.m.
  • Length: 11:06

All games in this series

Show
View Real Time Build Order
Export as new Build Order

Dana Zerg - Winner!

Build Orders: Hatch First 

Get SALT Encoding   

  12  0:00  Drone  
  13  0:12  Overlord  
  13  0:17  Drone  
  14  0:30  Drone x2  
  14  0:34  Drone  
  17  0:54  Hatchery  
  17  0:56  Drone  
  17  0:58  Drone  
  18  1:09  Extractor  
  17  1:13  Spawning Pool  
  17  1:17  Drone  
  17  1:20  Drone  
  18  1:28  Drone  
  19  1:38  Drone  
  20  1:49  Hatchery  
  20  1:52  Drone  
  20  1:59  Queen  
  22  2:06  Drone  
  22  2:07  Drone  
  24  2:12  Overlord  
  24  2:18  Drone  
  24  2:21  Metabolic Boost  
  25  2:25  Drone  
  25  2:29  Drone  
  27  2:35  Queen  
  29  2:38  Zergling x2  
  29  2:40  Zergling x2  
  29  2:43  Zergling x2  
  32  2:50  Zergling x2  
  33  2:55  Zergling x2  
  34  3:04  Drone x3  
  35  3:07  Drone  
  35  3:10  Drone x2  
  38  3:12  Drone  
  38  3:13  Drone  
  38  3:16  Drone  
  39  3:23  Queen, Overlord  
  39  3:25  Overlord  
  41  3:43  Drone x5  
  41  3:45  Drone  
  41  3:46  Roach Warren, Drone  
  47  3:49  Drone x2  
  47  3:51  Drone  
  47  3:53  Drone  
  47  3:55  Drone  
  52  3:56  Drone  
  52  3:59  Extractor, Drone  
  53  4:05  Drone  
  53  4:08  Drone x2  
  56  4:10  Overlord  
  56  4:16  Spore Crawler x2  
  54  4:18  Spore Crawler  
  53  4:26  Roach  
  53  4:27  Roach  
  53  4:28  Lair  
  53  4:30  Roach x2  
  61  4:32  Roach  
  61  4:35  Roach  
  61  4:37  Overlord  
  65  4:41  Evolution Chamber  
  65  4:42  Drone  
  65  4:43  Extractor, Drone  
  62  4:49  Zergling x6  
  62  4:50  Zergling x2  
  66  4:54  Overlord  
  66  5:00  Zergling x4, Roach x2  
  66  5:01  Drone  
  66  5:03  Drone  
  74  5:09  Overlord  
  74  5:11  Drone  
  74  5:13  Overlord, Drone x2  
  76  5:17  Zerg Missile Weapons Level 1  
  76  5:18  Drone  
  78  5:21  Drone x2  
  78  5:23  Drone  
  78  5:24  Extractor  
  78  5:26  Drone  
  78  5:27  Drone  
  78  5:28  Extractor  
  80  5:32  Hydralisk Den  
  80  5:33  Drone x2  
  81  5:36  Drone  
  81  5:38  Drone x2  
  81  5:39  Drone  
  81  5:41  Drone  
  86  5:43  Overseer  
  86  5:44  Drone  
  86  5:47  Drone x2  
  89  5:51  Extractor  
  89  5:53  Drone x2  
  89  5:54  Drone x3  
  93  6:03  Overlord  
  91  6:07  Overlord  
  91  6:08  Drone  
  91  6:10  Overlord x2  
  92  6:12  Overlord, Muscular Augments  
  92  6:16  Overlord  
  92  6:17  Spore Crawler  
  91  6:26  Hydralisk x5  
  91  6:28  Glial Reconstitution  
  91  6:30  Hydralisk  
  103  6:34  Overlord  
  103  6:35  Hydralisk  
  103  6:37  Hydralisk  
  107  6:41  Hydralisk  
  107  6:43  Hydralisk x2  
  113  6:47  Overlord  
  113  6:48  Hydralisk  
  113  6:50  Drone  
  113  6:52  Hydralisk  
  118  6:56  Hydralisk x2  
  118  6:58  Roach  
  124  7:03  Roach x3  
  124  7:06  Roach  
  124  7:07  Roach  
  134  7:09  Overseer  
  132  7:16  Roach x2  
  132  7:17  Roach x3  
  132  7:22  Overlord  
  142  7:30  Roach x2  
  142  7:32  Overlord x3  
  142  7:33  Overlord  
  146  7:42  Hydralisk x2  
  146  7:43  Roach  
  152  7:46  Roach  
  152  7:50  Overlord  
  153  7:51  Overseer  
  153  7:53  Roach x6  
  153  7:57  Ravager  
  166  7:58  Ravager  
  166  8:00  Overlord  
  166  8:01  Roach x2  
  166  8:04  Roach x2  
  175  8:08  Roach  
  175  8:10  Roach  
  175  8:11  Roach x2  
  183  8:15  Overlord  
  183  8:19  Roach x2  
  186  8:27  Roach x5  
  194  8:34  Hatchery  
  194  8:40  Overlord  
  193  8:42  Roach x3  
  196  8:49  Overlord  
  194  8:57  Roach x3  
  194  9:02  Overlord  
  175  9:04  Roach x3  
  175  9:05  Roach x4  
  173  9:10  Roach x2  
  173  9:12  Roach x2  
  173  9:13  Roach  
  175  9:22  Roach x3  
  181  9:26  Roach x2  
  181  9:30  Roach x2  
  163  9:36  Hydralisk  
  153  9:40  Roach x2  
  153  9:45  Roach x2  
  147  9:47  Roach  
  147  9:48  Roach  
  147  9:49  Roach x3  
  147  9:52  Roach x2  
  145  9:53  Roach  
  145  9:58  Roach x2  
  136  10:03  Queen, Ravager  
  132  10:09  Roach x3  
  132  10:10  Roach  
  132  10:13  Roach x3  
  136  10:15  Roach  
  136  10:20  Roach x2  
  142  10:22  Roach x2  
  142  10:27  Roach x2  
  150  10:29  Roach  
  150  10:33  Roach  
  150  10:35  Roach  
  150  10:37  Roach  
  150  10:39  Roach  
  148  10:43  Roach  
Show
View Real Time Build Order
Export as new Build Order

DnS Protoss 

Build Orders: 1 Gate Expand, Oracle Opening 

Get SALT Encoding   

  12  0:00  Probe (Chrono Boost)  
  13  0:11  Probe (Chrono Boost)  
  14  0:17  Pylon  
  14  0:22  Probe (Chrono Boost)  
  15  0:35  Probe (Chrono Boost)  
  16  0:37  Gateway  
  16  0:42  Assimilator  
  16  0:46  Probe (Chrono Boost)  
  17  0:57  Probe (Chrono Boost)  
  18  1:03  Gateway  
  18  1:07  Probe (Chrono Boost)  
  19  1:24  Cybernetics Core  
  19  1:44  Nexus  
  19  1:50  Pylon  
  19  1:58  Adept  
  21  2:03  Adept  
  23  2:10  Probe (Chrono Boost)  
  23  2:13  Assimilator  
  24  2:20  Warp Gate  
  24  2:22  Probe (Chrono Boost)  
  25  2:33  Zealot, Probe (Chrono Boost)  
  28  2:43  Probe (Chrono Boost)  
  29  2:51  Stargate  
  29  2:54  Probe (Chrono Boost)  
  29  2:56  Probe (Chrono Boost)  
  31  3:05  Probe (Chrono Boost)  
  32  3:08  Probe (Chrono Boost)  
  33  3:15  Probe (Chrono Boost)  
  33  3:19  Probe (Chrono Boost)  
  33  3:20  Gateway  
  33  3:26  Probe (Chrono Boost)  
  33  3:27  Adept  
  36  3:29  Probe (Chrono Boost)  
  36  3:30  Adept  
  39  3:36  Probe (Chrono Boost)  
  39  3:37  Oracle  
  41  3:41  Probe (Chrono Boost)  
  41  3:48  Pylon  
  44  3:49  Probe (Chrono Boost)  
  45  3:57  Pylon  
  45  3:58  Probe (Chrono Boost)  
  46  4:06  Probe (Chrono Boost)  
  46  4:07  Pylon  
  48  4:10  Probe (Chrono Boost)  
  48  4:15  Oracle  
  49  4:17  Probe (Chrono Boost)  
  49  4:22  Probe (Chrono Boost)  
  53  4:25  Adept x2  
  53  4:27  Adept  
  53  4:28  Probe (Chrono Boost)  
  60  4:33  Mothership Core (Chrono Boost)  
  62  4:38  Pylon  
  62  4:40  Probe (Chrono Boost)  
  63  4:51  Probe (Chrono Boost)  
  65  4:53  Probe (Chrono Boost)  
  65  4:55  Nexus  
  65  4:59  Pylon  
  65  5:01  Probe (Chrono Boost)  
  65  5:05  Probe (Chrono Boost)  
  67  5:12  Assimilator, Probe (Chrono Boost)  
  67  5:14  Assimilator  
  68  5:19  Void Ray  
  68  5:20  Robotics Facility, Probe (Chrono Boost)  
  69  5:22  Probe (Chrono Boost)  
  74  5:32  Sentry, Probe (Chrono Boost)  
  74  5:33  Probe (Chrono Boost)  
  78  5:38  Stalker  
  81  5:43  Pylon, Probe (Chrono Boost)  
  81  5:44  Probe (Chrono Boost)  
  81  5:47  Forge  
  82  5:54  Probe (Chrono Boost)  
  82  5:56  Probe (Chrono Boost)  
  84  6:03  Warp Prism  
  84  6:05  Probe (Chrono Boost)  
  84  6:08  Probe (Chrono Boost)  
  84  6:09  Protoss Ground Weapons Level 1, Probe (Chrono Boost)  
  89  6:15  Probe (Chrono Boost)  
  90  6:20  Assimilator, Probe x2 (Chrono Boost)  
  90  6:21  Assimilator, Sentry  
  90  6:22  Sentry  
  90  6:25  Twilight Council  
  97  6:34  Probe (Chrono Boost)  
  97  6:35  Probe (Chrono Boost)  
  97  6:36  Observer, Probe (Chrono Boost)  
  100  6:40  Gateway  
  100  6:41  Gateway  
  100  6:45  Gateway  
  100  6:46  Probe (Chrono Boost)  
  101  6:48  Probe (Chrono Boost)  
  101  6:49  Charge  
  101  6:50  Probe (Chrono Boost)  
  103  6:55  Gateway x2  
  103  6:57  Pylon x2  
  103  7:00  Immortal  
  107  7:19  Templar Archives  
  107  7:21  Gateway  
  107  7:24  Pylon  
  107  7:27  Pylon  
  107  7:29  Pylon  
  107  7:31  Pylon  
  107  7:33  Pylon  
  107  7:37  Zealot x4  
  107  7:38  Gateway  
  107  7:41  Immortal  
  119  7:47  Protoss Ground Weapons Level 2  
  119  7:54  Zealot x4  
  119  7:57  Pylon  
  127  8:07  High Templar x4  
  127  8:12  Archon x2  
  135  8:15  Immortal  
  135  8:20  Zealot x2  
  135  8:25  High Templar x2  
  147  8:27  Zealot  
  147  8:29  Archon  
  149  8:34  Zealot, Photon Cannon  
  149  8:36  Pylon  
  149  8:40  High Templar x2  
  155  8:41  Zealot  
  155  8:42  Zealot  
  155  8:44  Archon  
  149  9:00  Zealot  
  139  9:05  Pylon  
  139  9:06  Pylon x2  
  139  9:07  Pylon  
  126  9:11  Zealot x6  
  120  9:18  Zealot  
  120  9:20  Zealot x3  
  120  9:23  Pylon  
  111  9:25  Zealot  
  88  9:33  High Templar  
  88  9:34  Zealot, High Templar x3  
  88  9:38  Archon x2  
  90  9:42  Zealot x3  
  90  9:43  Zealot  
  87  9:50  Zealot  
  76  9:55  Zealot  
  65  10:04  Zealot x3  
  69  10:08  Zealot  
  69  10:14  High Templar x3  
  62  10:15  High Templar  
  62  10:18  Archon  
  62  10:19  Sentry, Archon  
  62  10:20  Zealot  
  64  10:26  Zealot x2  
  60  10:31  Zealot, Sentry  
  57  10:40  Zealot  
  51  10:44  Mothership Core (Chrono Boost)  
  51  10:49  Zealot x2  

Tags
 
Add a new tag
Caveats
  • Supply blocks, unpowered buildings, or Contaminate may cause inaccurate times.
  • Supply counts are checked every 10 seconds.